[Event "*** SCC Grand Prix: Titled Tuesday Blitz"]
[Site "Chess.com"]
[Date "2020.08.25"]
[Round "6"]
[White "dopolian"]
[Black "KarpovVadim"]
[Result "1-0"]
[WhiteElo "2480"]
[BlackElo "2321"]
[TimeControl "180+1"]
[EndTime "11:10:45 PDT"]
[Termination "dopolian won on time"]

1. Nf3 Nf6 2. c4 e6 3. b3 d5 4. Bb2 Be7 5. g3 O-O 6. Bg2 b6 7. O-O Bb7 8. d4 Nbd7 9. Nc3 c5 10. cxd5 Nxd5 11. Nxd5 Bxd5 12. Rc1 Rc8 13. e3 Bf6 14. Qe2 Be4 15. Rfd1 Qe7 16. Ba3 Rfd8 17. Nd2 Bxg2 18. Kxg2 Qd6 19. Qf3 Qd5 20. e4 Qb7 21. e5 Qxf3+ 22.
Nxf3 Be7 23. Rc2 Kf8 24. Rdc1 a5 25. Nd2 Rb8 26. dxc5 Bxc5 27. Bxc5+ Nxc5 28. Nc4 Nd3 29. Rb1 b5 30. Nxa5 Nxe5 31. Re2 Ra8 32. Nb7 Rd5 33.
Rc1 g5 34. Rc7 g4 35. Nc5 Nf3 36. h3 h5 37. hxg4 hxg4 38. Nxe6+ fxe6 39. Re4 Ne5 40. Rf4+ Kg8 41. Re7 Ra6 42. a4 bxa4 43. bxa4 Rc6 44.
Rf6 Rd1 45. Rexe6 Nf3 46. Re8+ Kg7 47. Rxf3 gxf3+ 48. Kxf3 Rd3+ 49. Kg4 Ra3 50. f4 Kf6 51. Rf8+ Kg7 52. Re8 Rxa4 53. Re3 Rg6+ 54. Kf3 Raa6 55. Rb3 Rab6 56. Rc3 Rbc6 57. Re3 Rcd6 58. Ra3 Rde6 59. Ra7+ Kh6 60. f5 Rgf6 61. Kg4 Re5 62. Ra4 Rexf5 63. Kh3 Rh5+ 64. Kg2 Rg5 65. Ra8 Rfg6 66. Rh8+ Kg7 67. Ra8 Rxg3+ 68. Kf2 R3g5 69. Kf3 Rh6 70. Kf4 Kg6 71.
Ra6+ Kh5 72. Ra1 Rf6+ 73. Ke4 Kg6 74. Ra8 Rb6 75. Rc8 Rb4+ 76. Kf3 Rh4 77. Rc6+ Kh5 78. Rc8 Rh3+ 79. Kf4 Rh4+ 80. Kf3 Kg6 81. Rg8+ Kf6 82. Ra8 Rf5+ 83. Kg3 Rb4 84. Ra6+ Kg5 85. Ra8 Rb3+ 86. Kg2 Kg4 87. Ra4+ Rf4 88. Ra8 1-0

[Event "*** SCC Grand Prix: Titled Tuesday Blitz"]
[Site "Chess.com"]
[Date "2020.08.25"]
[Round "6"]
[White "frederiksvane"]
[Black "KuzubovYuriy"]
[Result "1-0"]
[WhiteElo "2659"]
[BlackElo "2855"]
[TimeControl "180+1"]
[EndTime "11:10:50 PDT"]
[Termination "frederiksvane won on time"]

1. e4 c5 2. Nf3 Nc6 3. Bb5 e6 4. O-O Nge7 5. Re1 a6 6. Bf1 d5 7.
exd5 Nxd5 8. d4 Be7 9. c4 Nf6 10. Be3 cxd4 11. Nxd4 Bd7 12. Nf3 O-O 13. Nc3 Qc7 14.
Qb3 Rfc8 15. Rad1 Be8 16. Bb6 Na5 17. Bxc7 Nxb3 18. Bd6 Bxd6 19. Rxd6 Na5 20. Ne5 Nc6 21. Nxc6 Bxc6 22. Red1 Kf8 23. c5 Ke7 24. b4 Rd8 25. f3 Rxd6 26. Rxd6 Ne8 27. Rd2 Nc7 28. Kf2 Nd5 29. Nxd5+ Bxd5 30. a3 a5 31. b5 Rc8 32.
Rc2 e5 33. Ke3 f5 34. f4 Ke6 35. g3 h6 36. h4 a4 37. Rc3 Bb3 38. Bg2 e4 39. g4 g6 40. h5 Rg8 41. hxg6 Bd5 42.
Bh3 fxg4 43. Bxg4+ Kf6 44. Bh5 Rc8 45. Kd4 Be6 46. c6 Rd8+ 47. Kxe4 Bd5+ 48. Ke3 bxc6 49.
bxc6 Rc8 50. Bf3 Be6 51. c7 Re8 52. Bc6 Re7 53. Bf3 Bc8+ 54. Kf2 Kxg6 55. Kg3 Kf6 56.
Rc5 Rg7+ 57. Kf2 Ke6 58. Rh5 Kd6 59. Rxh6+ Kxc7 60. Rh5 Bd7 61. Rc5+ Kd6 62. Rc4 Rh7 63. Rd4+ Kc7 64. Ke3 Rh2 65. Rc4+ Kd6 66. Rd4+ Kc7 67. Rd3 Rb2 68. Bd5 Kc8 69. Rc3+ Kd8 70. Kd4 Ke7 71.
Ke5 Re2+ 72. Be4 Rb2 73. f5 Rb6 74. Rd3 Be8 75. Rg3 Bf7 76. Rc3 Rb5+ 77. Kf4 Rb3 78. Rc7+ Kf8 79. Rc8+ Ke7 80. Rc7+ Kf8 81. Ke5 Rxa3 82.
Kf6 Be8 83. Rc8 Re3 84. Bc6 a3 85. Ra8 a2 86. Bxe8 Rxe8 87. Rxa2 Rb8 88. Kg6 Rb6+ 89. f6 Rb8 90. Rh2 Kg8 91. f7+ Kf8 92. Rh8+ Ke7 93.
Rxb8 1-0

[Event "*** SCC Grand Prix: Titled Tuesday Blitz"]
[Site "Chess.com"]
[Date "2020.08.25"]
[Round "6"]
[White "CHESSMASTER759"]
[Black "bascheyaro"]
[Result "0-1"]
[WhiteElo "2539"]
[BlackElo "2764"]
[TimeControl "180+1"]
[EndTime "11:10:59 PDT"]
[Termination "bascheyaro won by resignation"]

1. e4 e6 2. d4 d5 3. Nd2 c5 4. exd5 exd5 5. Ngf3 Nc6 6. Bb5 c4 7. O-O Bd6 8. b3 cxb3 9. axb3 Ne7 10. c4 O-O 11. c5 Bc7 12. Bd3 Bf5 13. Qe2 Re8 14.
Re1 Qd7 15. Bb2 Nb4 16. Bxf5 Nxf5 17. Qf1 a6 18. Bc3 Nc6 19. Qd3 Bf4 20. Nf1 f6 21. Ng3 Bxg3 22. hxg3 g6 23. Rxe8+ Rxe8 24. Re1 Kf7 25. g4 Ng7 26. g5 Rxe1+ 27. Bxe1 Qf5 28. Qxf5 Nxf5 29. Bc3 Ng7 30. gxf6 Kxf6 31. Kf1 Ne6 32. g3 Kf5 33. Ke2 g5 34. Kd3 h5 35. Bd2 Kg4 36. Ke3 h4 37. gxh4 gxh4 38. Bc3 h3 39. Nh2+ Kf5 40. Nf3 Ng5 41. Nh2 Ne6 42. f3 Nf4 43.
Nf1 Ne6 44. Ng3+ Kg5 45. Nf1 Ne7 46. Kf2 Nf5 47. Bd2+ Kf6 48. Ne3 Nxe3 49. Bxe3 Ng7 50. Bf4 Nf5 51. Be5+ Kg5 52. Kg1 Nh4 53. Kf2 Kf5 54. Bg3 Ng2 55. Kg1 Nf4 56. Kh2 Kg5 57. Bf2 Kg6 58. Be3 Kf5 59. Kg3 h2 60. Kxh2 Ne6 61. Kg3 Nd8 62. Kf2 Nc6 63. Ke2 Na5 64.
b4 Nc6 65. b5 axb5 66. Kd3 Kg6 67. Kc3 Kh5 68. Bf2 Kg5 69. Be3+ Kh4 70. Kd3 Kg3 71. Ke2 b4 72. Bf2+ Kf4 73. Be3+ Kf5 74. Kd3 Kg6 75.
Bd2 Kh5 76. Be3 Kh4 77. Ke2 b3 78. Bf2+ Kh3 79. Kd3 Kg2 80. Be1 Kxf3 81. Kc3 Ke2 82. Bg3 Nxd4 83. Be5 Nc6 84. Bf6 Ke3 85. Kxb3 d4 86.
Kc4 d3 87. Kb5 Nd4+ 88. Kb6 Ne6 89. Bc3 Ke4 90. Kxb7 Nxc5+ 91. Kc6 Na4 92. Bd2 Kd4 93. Kb5 Nc3+ 94. Kb4 Ne4 95. Be1 Ke3 96. Kc4 Nd2+ 97. Kc3 Nf3 98. Bg3 d2 99. Kc2 Ke2 0-1

[Event "*** SCC Grand Prix: Titled Tuesday Blitz"]
[Site "Chess.com"]
[Date "2020.08.25"]
[Round "6"]
[White "MasterKroket"]
[Black "UCantHandleDenker"]
[Result "0-1"]
[WhiteElo "2420"]
[BlackElo "2571"]
[TimeControl "180+1"]
[EndTime "11:12:20 PDT"]
[Termination "UCantHandleDenker won by resignation"]

1. d4 Nf6 2. c4 c5 3. d5 d6 4. Nc3 g6 5. e4 Bg7 6. Nf3 O-O 7. h3 e6 8. Bd3 exd5 9. cxd5 b5 10. Bxb5 Nxe4 11.
Nxe4 Qa5+ 12. Nfd2 Qxb5 13. Nxd6 Qa6 14. N2c4 Nd7 15.
O-O Ne5 16. Nxc8 Raxc8 17. Nxe5 Bxe5 18. Re1 Bd4 19. Bf4 Qf6 20. Qf3 Bxb2 21. Rab1 Bd4 22. d6 Rcd8 23. Rb7 c4 24. Rc7 c3 25. Rc4 g5 26. Bxg5 Qxf3 27. gxf3 Rxd6 28. Re4 Bg7 29. Be7 Rg6+ 30. Rg4 Re8 31. Bb4 Rb8 32. Bxc3 Bxc3 33.
Rxc3 Rb2 34. Ra3 Rb7 35. Ra6 Kg7 36. a4 Rc7 37. Kg2 Rd7 38. Kg3 Rc7 39. h4 h5 40. Rg5 Rd7 41. f4 Rd3+ 42. f3 Rd7 43.
f5 Rxg5+ 44. hxg5 Rc7 45. Rh6 Rc4 46. Ra6 Rc7 47. Kh4 Rc3 48. Rxa7 Rxf3 49. Ra5 Rf4+ 50. Kxh5 Rf1 51. Ra7 Rh1+ 52. Kg4 Rg1+ 53. Kf4 Rf1+ 54. Ke4 Re1+ 55. Kd5 Rd1+ 56. Kc6 Rc1+ 57. Kb5 Rb1+ 58.
Kc4 Rc1+ 59. Kb3 Rb1+ 60. Kc2 Rf1 61. g6 Rxf5 62. gxf7 Rxf7 63. Ra8 Kf6 64. Kc3 Ke6 65. Kc4 Rf4+ 66. Kb5 Rf5+ 67. Kb6 Kd7 68. Rh8 Rf1 69. a5 Rb1+ 70. Ka7 Kc6 71. Rh6+ Kc7 72. Rh2 Kc6 73. Rc2+ Kd7 74. a6 Rb3 75. Ka8 Rb4 76. Rh2 Rb3 77. Rh6 Kc7 78. Rh7+ Kc6 79. Rb7 Ra3 80. Ka7 Rd3 81.
Rg7 Rb3 82. Ka8 Rb2 83. Rg6+ Kc7 84. Rg3 Kc8 85. Rc3+ Kd7 86. Rc4 Kd8 87. Rc1 Kd7 88. Rg1 Kc7 89. Rg7+ Kc6 90. Rb7 Ra2 91. Ka7 Ra3 92.
Rh7 Rb3 93. Rg7 Rb2 94. Rg6+ Kc7 95. Rh6 Rb1 96. Ka8 Rb2 97. a7 Rb1 98. Rh7+ Kc8 99. Rh8+ Kc7 100. Rb8 Ra1 101. Rb2 Kc8 102. Rc2+ Kd7 103.
Rc5 Rb1 104. Rc4 Rb2 105. Rc3 Rb1 106. Rc2 Rb3 107. Rc5 Rb2 108. Rh5 Kc7 109. Rh7+ Kc8 110. Rh8+ Kc7 111. Rh1 Rb3 112. Rc1+ Kd7 113. Rc4 Kd8 114. Rd4+ Kc8 115. Rh4 Kc7 116. Rh8 Rb2 117. Rb8 Ra2 118. Rb7+ Kc8 119. Rb3 Kc7 120. Rc3+ Kd7 121. Kb7 Rb2+ 122. Ka6 Ra2+ 123. Kb6 Rb2+ 124. Kc5 Ra2 125. Rh3 Kc7 126. Rh7+ Kc8 127. Rh8+ Kb7 128. Rh7+ Ka8 129. Kb6 Rb2+ 130. Kc6 Rc2+ 131. Kb5 Rb2+ 132. Kc5 Rc2+ 133. Kd6 Rb2 134. Kc7 Rb7+ 135. Kc8 Rxh7 136. Kd8 Kxa7 137. Ke8 Kb6 138. Kf8 Rb7 139. Kg8 Kc6 0-1

[Event "*** SCC Grand Prix: Titled Tuesday Blitz"]
[Site "Chess.com"]
[Date "2020.08.25"]
[Round "7"]
[White "Pikachess999"]
[Black "lucasmito"]
[Result "1-0"]
[WhiteElo "2399"]
[BlackElo "2503"]
[TimeControl "180+1"]
[EndTime "11:13:25 PDT"]
[Termination "Pikachess999 won by resignation"]

1. e4 e5 2. Nf3 Nc6 3. d4 exd4 4. Bc4 Nf6 5. O-O Nxe4 6. Re1 d5 7. Bxd5 Qxd5 8. Nc3 Qa5 9. Nxe4 Be6 10. Neg5 O-O-O 11. Nxe6 fxe6 12. Rxe6 Bd6 13. Bg5 Rde8 14. Qe2 Kd7 15.
Rxe8 Qe1+ 1-0

[Event "*** SCC Grand Prix: Titled Tuesday Blitz"]
[Site "Chess.com"]
[Date "2020.08.25"]
[Round "7"]
[White "FontVella8"]
[Black "Kildepiotr"]
[Result "0-1"]
[WhiteElo "2493"]
[BlackElo "2649"]
[TimeControl "180+1"]
[EndTime "11:15:12 PDT"]
[Termination "Kildepiotr won by resignation"]

1. e4 g6 2. d4 Bg7 3. Nc3 c6 4. Be3 d5 5. f3 dxe4 6. fxe4 Nf6 7. h3 e5 8. d5 O-O 9. Qd2 cxd5 10. exd5 Nh5 11.
Bc4 Qh4+ 12. Bf2 Qxc4 13. Nge2 Nf4 14. Nxf4 exf4 15. O-O-O Bf5 16. h4 h5 17. Kb1 Na6 0-1

[Event "*** SCC Grand Prix: Titled Tuesday Blitz"]
[Site "Chess.com"]
[Date "2020.08.25"]
[Round "7"]
[White "tdf98pantani"]
[Black "NiranjanNavalgund"]
[Result "1-0"]
[WhiteElo "2651"]
[BlackElo "2437"]
[TimeControl "180+1"]
[EndTime "11:15:19 PDT"]
[Termination "tdf98pantani won by resignation"]

1. d4 Nf6 2. c4 Nc6 3. Nf3 e6 4. a3 d6 5. Nc3 g6 6. g3 Bg7 7. Bg2 O-O 8. O-O Re8 9. d5 exd5 10. cxd5 Ne5 11. Nd4 a6 12. h3 Bd7 13. Kh2 h5 14. e4 h4 15. gxh4 Nh5 16. Bg5 Bf6 17. f4 Nc4 18.
Qe2 Nxb2 19. Qxb2 b5 20. Rae1 Qc8 21. Bxf6 Nxf6 22. e5 Nh5 23. e6 fxe6 24. dxe6 Bxe6 25. Nxe6 Rxe6 26. Rxe6 c6 27. Rxg6+ Kh7 28. Be4 1-0

[Event "*** SCC Grand Prix: Titled Tuesday Blitz"]
[Site "Chess.com"]
[Date "2020.08.25"]
[Round "7"]
[White "milenapn"]
[Black "Bastiandash"]
[Result "0-1"]
[WhiteElo "1982"]
[BlackElo "2390"]
[TimeControl "180+1"]
[EndTime "11:15:19 PDT"]
[Termination "Bastiandash won by resignation"]

1. e4 c6 2. d4 d5 3. Nc3 dxe4 4.
Nxe4 Nf6 5. Nxf6+ exf6 6. c3 Be7 7. Bd3 O-O 8. Ne2 f5 9. Qc2 g6 10. Bh6 Re8 11. g3 Bg5 12. Bxg5 Qxg5 13. h4 Qg4 14. O-O-O Be6 15. Kb1 Bd5 16. Rh2 Bf3 17. Rd2 Nd7 18.
Ng1 Re1+ 0-1

[Event "*** SCC Grand Prix: Titled Tuesday Blitz"]
[Site "Chess.com"]
[Date "2020.08.25"]
[Round "7"]
[White "praveenb2002"]
[Black "talman67"]
[Result "1-0"]
[WhiteElo "2745"]
[BlackElo "2506"]
[TimeControl "180+1"]
[EndTime "11:15:34 PDT"]
[Termination "praveenb2002 won by resignation"]

1. d4 Nf6 2. c4 e6 3. Nc3 Bb4 4.
Qc2 O-O 5. a3 Bxc3+ 6. Qxc3 d5 7.
Bg5 c5 8. dxc5 d4 9. Qc2 Nbd7 10. b4 a5 11. Rd1 axb4 12. axb4 e5 13. e4 Qc7 14. Bd3 h6 15. Bh4 Nh5 16. Ne2 Nf4 17.
Nxf4 exf4 18. Be7 Re8 19. Bd6 Qc6 20. b5 1-0

[Event "*** SCC Grand Prix: Titled Tuesday Blitz"]
[Site "Chess.com"]
[Date "2020.08.25"]
[Round "7"]
[White "Ginger_GM"]
[Black "Chessbard1972"]
[Result "1-0"]
[WhiteElo "2563"]
[BlackElo "2399"]
[TimeControl "180+1"]
[EndTime "11:15:48 PDT"]
[Termination "Ginger_GM won by resignation"]

1. e4 c5 2. a3 d5 3. exd5 Qxd5 4. Nc3 Qd8 5. b4 e6 6. bxc5 Bxc5 7. Nf3 Nc6 8. Bb5 a6 9. Bxc6+ bxc6 10. d4 Be7 11.
O-O Nf6 12. Be3 O-O 13. a4 a5 14. Re1 Nd5 15. Nxd5 cxd5 16. Ne5 Bf6 17. Bf4 Ba6 18.
Ra3 Rc8 19. Rh3 g6 20. Ng4 Bg7 21. Bh6 f6 22. Rxe6 Qd7 23. Rxa6 Qxg4 24. Qxg4 1-0

[Event "*** SCC Grand Prix: Titled Tuesday Blitz"]
[Site "Chess.com"]
[Date "2020.08.25"]
[Round "7"]
[White "niki_2003"]
[Black "SanchezKelvin"]
[Result "0-1"]
[WhiteElo "1660"]
[BlackElo "2401"]
[TimeControl "180+1"]
[EndTime "11:15:54 PDT"]
[Termination "SanchezKelvin won by checkmate"]

1. d4 Nf6 2. c4 c5 3. d5 e6 4. Nc3 exd5 5. cxd5 d6 6. g3 g6 7. Bg2 Bg7 8. Nf3 O-O 9. O-O Re8 10. Nd2 a6 11. a4 Nbd7 12. h3 Rb8 13. Nc4 Ne5 14.
Nxe5 Rxe5 15. f4 Re8 16. e4 b5 17. axb5 axb5 18. e5 dxe5 19. fxe5 Rxe5 20. Bf4 Nh5 21.
Bxe5 Bxe5 22. g4 Bd4+ 23. Kh2 Qd6+ 24. Kh1 Ng3+ 25. Kh2 Nxf1+ 26. Kh1 Qh2# 0-1

[Event "*** SCC Grand Prix: Titled Tuesday Blitz"]
[Site "Chess.com"]
[Date "2020.08.25"]
[Round "7"]
[White "TurboSteen"]
[Black "Gvetadze"]
[Result "0-1"]
[WhiteElo "2058"]
[BlackElo "2399"]
[TimeControl "180+1"]
[EndTime "11:16:04 PDT"]
[Termination "Gvetadze won by resignation"]

1. e4 c5 2. Nc3 g6 3. d4 cxd4 4. Qxd4 Nf6 5. Nf3 Nc6 6. Qa4 d6 7. e5 dxe5 8. Nxe5 Qd6 9. Bf4 Qb4 10. Bb5 Qxa4 11. Nxa4 Bd7 12. Nxd7 Nxd7 13. O-O-O Rc8 14. Rhe1 Bg7 15. Bd6 e6 16. Ba3 a6 17. Bf1 b5 18.
Rxd7 Kxd7 19. Nb6+ Kc7 20. Nxc8 Rxc8 21. Rd1 b4 22.
Bxa6 Ra8 23. Bb5 bxa3 24. b3 0-1

[Event "*** SCC Grand Prix: Titled Tuesday Blitz"]
[Site "Chess.com"]
[Date "2020.08.25"]
[Round "7"]
[White "Koksik_13"]
[Black "mattcolins2025"]
[Result "1-0"]
[WhiteElo "2674"]
[BlackElo "2472"]
[TimeControl "180+1"]
[EndTime "11:16:07 PDT"]
[Termination "Koksik_13 won by resignation"]

1. d4 Nf6 2. Nc3 g6 3. e4 d6 4.
Bg5 Bg7 5. f4 h6 6. Bh4 O-O 7. Nf3 c5 8. e5 Ne8 9. dxc5 Qc7 10. Nd5 Qxc5 11. Bxe7 Qa5+ 12. b4 Qa3 13. Bxf8 Bxf8 14. Bd3 Bg4 15. O-O dxe5 16. fxe5 Nc6 17. Qd2 Nxb4 18. Nxb4 Bxb4 19. Qf4 Be6 20. Nd4 Bc5 21. Kh1 Bxd4 22. Qxd4 Rc8 23. Qf4 Qc3 24. Rae1 Nc7 25. Qxh6 Re8 26. Bxg6 fxg6 27. Qxg6+ Kh8 28.
Qh6+ Kg8 29. Re3 Qc4 30. Qg6+ Kh8 31. Qh6+ Kg8 32. Rg3+ Bg4 33. Qg5+ Kh8 34. Qh4+ Kg7 35. Rxg4+ Qxg4 36. Qxg4+ 1-0

[Event "*** SCC Grand Prix: Titled Tuesday Blitz"]
[Site "Chess.com"]
[Date "2020.08.25"]
[Round "7"]
[White "Colombiano07"]
[Black "NotFischer"]
[Result "0-1"]
[WhiteElo "2292"]
[BlackElo "2187"]
[TimeControl "180+1"]
[EndTime "11:16:13 PDT"]
[Termination "NotFischer won by resignation"]

1. d4 g6 2. Bf4 Bg7 3. e3 d6 4. Nf3 Nf6 5. Be2 Bg4 6. O-O Bxf3 7. Bxf3 c6 8. a4 O-O 9. a5 a6 10. h3 Nbd7 11. c3 e5 12. Bh2 Qe7 13. Na3 Rad8 14.
Nc4 Rfe8 15. dxe5 Nxe5 16. Nxe5 dxe5 17. Qb3 Rd2 18. Rfd1 Red8 19. Rxd2 Rxd2 20. Rd1 Qd6 21. Rxd2 Qxd2 22. Bxe5 Qe1+ 23. Kh2 Ng4+ 24. Bxg4 Bxe5+ 25. f4 Bf6 26. c4 Bh4 27. e4 Bf2 0-1

[Event "*** SCC Grand Prix: Titled Tuesday Blitz"]
[Site "Chess.com"]
[Date "2020.08.25"]
[Round "7"]
[White "SergeyKarjakin"]
[Black "bascheyaro"]
[Result "1-0"]
[WhiteElo "2979"]
[BlackElo "2760"]
[TimeControl "180+1"]
[EndTime "11:16:15 PDT"]
[Termination "SergeyKarjakin won by checkmate"]

1. e4 e6 2. d4 d5 3. Nc3 Bb4 4. e5 Ne7 5. a3 Bxc3+ 6. bxc3 b6 7. Qg4 Kf8 8. a4 Ba6 9. Bxa6 Nxa6 10. Nh3 c5 11.
O-O Rc8 12. Ba3 Kg8 13. Nf4 Ng6 14. Nh5 cxd4 15. cxd4 Rc4 16. Bd6 Qh4 17. Qe2 Qxd4 18. Kh1 Nf4 19. Qg4 Nxh5 20. Qxh5 g6 21. Qh6 Qf4 22. Qf8# 1-0

[Event "*** SCC Grand Prix: Titled Tuesday Blitz"]
[Site "Chess.com"]
[Date "2020.08.25"]
[Round "7"]
[White "binbin239"]
[Black "MF1966Idrisov"]
[Result "0-1"]
[WhiteElo "2561"]
[BlackElo "2370"]
[TimeControl "180+1"]
[EndTime "11:16:32 PDT"]
[Termination "MF1966Idrisov won by resignation"]

1. d4 d5 2. c4 e6 3. Nf3 Nf6 4. g3 Be7 5. Bg2 O-O 6. O-O Bd7 7. Nc3 c6 8. Qd3 a6 9. e4 dxe4 10. Nxe4 Nxe4 11. Qxe4 Be8 12. Rd1 Nd7 13. b3 Qc7 14. Bf4 Bd6 15. Be3 Nf6 16. Qc2 Rd8 17. Rac1 Bd7 18.
Bg5 Be7 19. Bf4 Bd6 20. Ne5 h6 21. c5 Bxe5 22. Bxe5 Qc8 23. Bxf6 gxf6 24. Qe2 f5 25.
Qh5 Kg7 26. g4 Rde8 27. Rd3 Qd8 28. gxf5 exf5 29. Rg3+ Kh7 30. Bh3 Qf6 31. Kh1 Rg8 32. Rf3 Rg5 33. Bxf5+ Bxf5 34. Qh3 Be4 0-1

[Event "*** SCC Grand Prix: Titled Tuesday Blitz"]
[Site "Chess.com"]
[Date "2020.08.25"]
[Round "7"]
[White "RU_B9"]
[Black "Yana_pro"]
[Result "1-0"]
[WhiteElo "1857"]
[BlackElo "2088"]
[TimeControl "180+1"]
[EndTime "11:16:36 PDT"]
[Termination "RU_B9 won by resignation"]

1. c4 Nf6 2. Nc3 g6 3. Nf3 Bg7 4. e4 d6 5. d4 O-O 6. Be2 Nc6 7. O-O e5 8. d5 Ne7 9. Ne1 a5 10. Be3 b6 11. a3 Nd7 12. b4 Bb7 13. Nd3 f5 14. f3 axb4 15. axb4 Rxa1 16. Qxa1 Qa8 17. Nb5 fxe4 18. Qxa8 Rxa8 19. fxe4 Rc8 20. Ra1 Ra8 21.
Rxa8+ Bxa8 22. Nxc7 Bb7 23. Bg4 Nb8 24. Ne8 b5 25. cxb5 Nxd5 1-0

[Event "*** SCC Grand Prix: Titled Tuesday Blitz"]
[Site "Chess.com"]
[Date "2020.08.25"]
[Round "7"]
[White "Ermito2020"]
[Black "mortngabriel"]
[Result "1-0"]
[WhiteElo "2634"]
[BlackElo "2445"]
[TimeControl "180+1"]
[EndTime "11:16:38 PDT"]
[Termination "Ermito2020 won by resignation"]

1. e4 c5 2. Nf3 e6 3. d4 cxd4 4. Nxd4 Nf6 5. Nc3 Bb4 6. e5 Nd5 7. Bd2 Bxc3 8. bxc3 O-O 9. Bd3 d6 10. exd6 Qxd6 11. O-O e5 12. Nf5 Qf6 13. Qf3 Nc6 14. Nh6+ Kh8 15. Qxd5 gxh6 16. Qe4 Qg7 17. Qh4 Rg8 18. g3 f5 19. Bc4 Re8 20. Bxh6 Qg6 21. Bg5 Be6 22. Bb5 Bd5 23. Rad1 Bf3 24. Bf6+ 1-0

[Event "*** SCC Grand Prix: Titled Tuesday Blitz"]
[Site "Chess.com"]
[Date "2020.08.25"]
[Round "7"]
[White "Klavdia_Nik"]
[Black "chesslh19"]
[Result "1/2-1/2"]
[WhiteElo "2066"]
[BlackElo "2209"]
[TimeControl "180+1"]
[EndTime "11:16:39 PDT"]
[Termination "Game drawn by agreement"]

1. Nf3 Nf6 2. c4 e6 3. b3 d5 4. Bb2 Be7 5. g3 O-O 6. Bg2 b6 7. O-O Bb7 8. d4 Nbd7 9. Nc3 c5 10. cxd5 Nxd5 11. Nxd5 Bxd5 12. e3 cxd4 13. Bxd4 Bf6 14.
Qd2 Rc8 15. Rac1 Bxd4 16. Qxd4 Qf6 17. Qxf6 Nxf6 18. Rfd1 1/2-1/2

[Event "*** SCC Grand Prix: Titled Tuesday Blitz"]
[Site "Chess.com"]
[Date "2020.08.25"]
[Round "7"]
[White "kidagent"]
[Black "eCztery"]
[Result "0-1"]
[WhiteElo "2250"]
[BlackElo "2407"]
[TimeControl "180+1"]
[EndTime "11:16:43 PDT"]
[Termination "eCztery won by checkmate"]

1. e4 e5 2. Nf3 Nf6 3. Nc3 d6 4. d4 Nbd7 5. Bc4 Be7 6. Bxf7+ Kxf7 7. Ng5+ Kg8 8. Ne6 Qe8 9. Nxc7 Qg6 10. Nxa8 Qxg2 11. Rf1 exd4 12. Qxd4 Ne5 13. Qxa7 Bh3 14. Qb8+ Kf7 15. Qxh8 Qxf1+ 16. Kd2 Nc4# 0-1

[Event "*** SCC Grand Prix: Titled Tuesday Blitz"]
[Site "Chess.com"]
[Date "2020.08.25"]
[Round "7"]
[White "biostatistician"]
[Black "alexgo05"]
[Result "1-0"]
[WhiteElo "2484"]
[BlackElo "2341"]
[TimeControl "180+1"]
[EndTime "11:16:57 PDT"]
[Termination "biostatistician won by resignation"]

1. d4 Nf6 2. Nf3 c5 3. d5 e6 4. c4 exd5 5. cxd5 d6 6. Nc3 g6 7.
e4 Bg7 8. h3 O-O 9. Bd3 a6 10.
a4 Nbd7 11. O-O Nh5 12. Re1 Ne5 13. Be2 Nxf3+ 14. Bxf3 Qh4 15. Bxh5 gxh5 16. Qd2 Be5 17. Qg5+ Qxg5 18. Bxg5 Kh8 19. f4 Bd4+ 20. Kh2 Bd7 21. Be7 Rg8 22. Bxd6 Rg6 23. Be5+ f6 24. Bxd4 cxd4 25.
Ne2 Rag8 26. Rg1 d3 27. Nc3 b5 28. axb5 axb5 29. e5 fxe5 30. fxe5 b4 31. Ne4 Bf5 32. Nd6 Rg5 33. Nf7+ 1-0

[Event "*** SCC Grand Prix: Titled Tuesday Blitz"]
[Site "Chess.com"]
[Date "2020.08.25"]
[Round "7"]
[White "chesstatour"]
[Black "jacky72"]
[Result "0-1"]
[WhiteElo "1922"]
[BlackElo "2528"]
[TimeControl "180+1"]
[EndTime "11:17:05 PDT"]
[Termination "jacky72 won by checkmate"]

1. c4 e6 2. Nc3 b6 3. e4 Bb7 4.
d4 d5 5. cxd5 exd5 6. e5 c5 7.
f4 Ne7 8. Nf3 Nbc6 9. Bb5 a6 10.
Bxc6+ Nxc6 11. O-O cxd4 12. Nxd4 Nxd4 13. f5 Bc5 14. Kh1 Nb5 15. Qg4 Nxc3 16. Qxg7 Rf8 17. bxc3 d4 18. Bg5 Qd5 19. Rf3 dxc3 20. Re1 c2 21. e6 Qd1 22. exf7+ Kd7 23. Rff1 Qg4 24.
Bf6 Bxg2# 0-1

[Event "*** SCC Grand Prix: Titled Tuesday Blitz"]
[Site "Chess.com"]
[Date "2020.08.25"]
[Round "7"]
[White "Artyom_ChessMate"]
[Black "varacalli"]
[Result "1-0"]
[WhiteElo "2577"]
[BlackElo "2396"]
[TimeControl "180+1"]
[EndTime "11:17:07 PDT"]
[Termination "Artyom_ChessMate won by resignation"]

1. e4 e5 2. Nf3 Nc6 3. Bb5 a6 4.
Bxc6 dxc6 5. O-O f6 6. d4 exd4 7. Nxd4 c5 8. Nb3 Qxd1 9. Rxd1 Bd7 10. Nc3 O-O-O 11. Bf4 b6 12. Nd5 Ne7 13. Bxc7 Nxd5 14. Bxd8 Nb4 15. Bxb6 Bc6 16. Bxc5 Bxc5 17. Nxc5 Nxc2 18.
Rac1 Nb4 19. Nxa6 Nxa6 20. Rxc6+ Kb7 21. Rxa6 Kxa6 22. Rd7 Re8 23. f3 Rb8 24. Rxg7 Rxb2 25. Rxh7 Rxa2 26. Rf7 Kb5 27. Rxf6 Kc4 28. Rd6 Kc5 29.
Rd5+ Kc6 30. h4 Ra8 31. h5 Re8 32. h6 Rxe4 33. fxe4 1-0

[Event "*** SCC Grand Prix: Titled Tuesday Blitz"]
[Site "Chess.com"]
[Date "2020.08.25"]
[Round "7"]
[White "Bubachess1608"]
[Black "evgenyermolaev"]
[Result "0-1"]
[WhiteElo "2262"]
[BlackElo "2476"]
[TimeControl "180+1"]
[EndTime "11:17:11 PDT"]
[Termination "evgenyermolaev won by resignation"]

1. e4 c5 2. d3 Nc6 3. c3 e6 4. f4 d5 5. Qe2 Nf6 6. Nf3 Be7 7. g3 O-O 8. Bg2 dxe4 9. dxe4 Qa5 10. O-O b6 11.
Re1 Ba6 12. Qc2 c4 13. Nbd2 Bc5+ 14. Nd4 Nxd4 15. cxd4 Bxd4+ 16. Kh1 Ng4 17. Nf3 Nf2+ 18. Kg1 Nd3+ 19. Kf1 Nxe1 20. Nxe1 c3+ 21. Nd3 cxb2 22. Bxb2 Bxb2 23. Qxb2 Bxd3+ 24. Kg1 Qc5+ 25. Kh1 Rfd8 26.
f5 Qd4 0-1

[Event "*** SCC Grand Prix: Titled Tuesday Blitz"]
[Site "Chess.com"]
[Date "2020.08.25"]
[Round "7"]
[White "FairChess_on_YouTube"]
[Black "crescentmoon2411"]
[Result "1-0"]
[WhiteElo "2989"]
[BlackElo "2770"]
[TimeControl "180+1"]
[EndTime "11:17:17 PDT"]
[Termination "FairChess_on_YouTube won by resignation"]

1. e4 e5 2. Nf3 Nc6 3. Bb5 Nf6 4. O-O Nxe4 5. d4 Nd6 6. Bxc6 dxc6 7. dxe5 Nf5 8.
Qxd8+ Kxd8 9. Rd1+ Ke8 10. Nc3 Be6 11. h3 h6 12. g4 Ne7 13. Nd4 Nd5 14. Nxe6 fxe6 15.
Ne4 b5 16. b3 Bb4 17. Rd3 Rd8 18. a4 a6 19. axb5 axb5 20. c4 bxc4 21. bxc4 Nb6 22. Rxd8+ Kxd8 23. c5 Nc8 24. Ra4 1-0

[Event "*** SCC Grand Prix: Titled Tuesday Blitz"]
[Site "Chess.com"]
[Date "2020.08.25"]
[Round "7"]
[White "Ashedu66"]
[Black "salimalamri2020"]
[Result "1-0"]
[WhiteElo "2198"]
[BlackElo "2025"]
[TimeControl "180+1"]
[EndTime "11:17:18 PDT"]
[Termination "Ashedu66 won by resignation"]

1. d4 e6 2. e4 d5 3. Nc3 Bb4 4. exd5 exd5 5. Bd3 Nf6 6. Ne2 Be6 7. h3 Nbd7 8. Ng3 c5 9. a3 cxd4 10. axb4 dxc3 11. bxc3 Qc7 12. O-O Qxc3 13. b5 O-O 14.
Be3 Ne5 15. Bd4 Qc7 16. Re1 Nxd3 17. Qxd3 Nd7 18. Nh5 g6 19. Qe3 1-0

[Event "*** SCC Grand Prix: Titled Tuesday Blitz"]
[Site "Chess.com"]
[Date "2020.08.25"]
[Round "7"]
[White "rududuyk"]
[Black "Sophist4Life"]
[Result "0-1"]
[WhiteElo "2166"]
[BlackElo "2450"]
[TimeControl "180+1"]
[EndTime "11:17:21 PDT"]
[Termination "Sophist4Life won by resignation"]

1. e4 c5 2. Nc3 d6 3. f4 Nc6 4. Nf3 g6 5. Bc4 Bg7 6. O-O e6 7. d3 Nge7 8. Qe1 Nd4 9. Qf2 O-O 10. Be3 d5 11. exd5 exd5 12. Nxd4 cxd4 13. Bxd4 dxc4 14. Bxg7 Kxg7 15. dxc4 Be6 16. b3 Nf5 17. Rad1 Qf6 18.
Nd5 Bxd5 19. cxd5 Rfe8 20. Rd3 b6 21. c4 Rad8 22. Rfd1 Nd6 23. Rf3 Re4 24. g4 Rde8 25. h3 Re2 26. Qg3 Ne4 27. g5 Qd6 28. Qg4 Qc5+ 29.
Kh1 Nf2+ 30. Rxf2 Qxf2 0-1